 Dungeon Crawl Stone Soup version 0.28.0-53-g5a82cb258f (webtiles) character file.

Game seed: 4294746638850150793

13 mcbry74 the Scratcher (level 2, -1/12 HPs)
             Began as a Felid Transmuter on June 22, 2022.
             Slain by a kobold
             ... wielding a +0 short sword
              (5 damage)
             ... on level 1 of the Dungeon.
             The game lasted 00:03:14 (583 turns).

mcbry74 the Scratcher (Felid Transmuter)             Turns: 583, Time: 00:03:15

Health: -1/12      AC:  1    Str:  6    XL:     2   Next: 24%
Magic:  5/6        EV: 17    Int: 14    God:
Gold:   28         SH:  0    Dex: 16    Spells: 4/5 levels left
                                        Lives:  0   Deaths: 0

rFire   . . .      SeeInvis +     - Unarmed
rCold   . . .      Faith    .   (shield unavailable)
rNeg    . . .      Spirit   .   (armour unavailable)
rPois   .          Reflect  .   (helmet unavailable)
rElec   .          Harm     .   (cloak unavailable)
rCorr   .          Rampage  .   (gloves unavailable)
Will    .....                   (boots unavailable)
Stlth   ++........              (no amulet)
HPRegen 0.04/turn               (no ring)
MPRegen 0.10/turn               (no ring)

@: appendages (expiring), quick
A: horns 2, very small, claws 1, fangs 3, see invisible, speed 1, shaggy fur 1,
stealthy paws, no weapons or thrown items, no armour, multi-lived
a: End Transformation


You were on level 1 of the Dungeon.
You had temporarily grown beastly horns.
You visited 1 branch of the dungeon, and saw 2 of its levels.

You collected 28 gold pieces.

Inventory:

Potions
 a - a potion of berserk rage {unknown}
 b - a potion of lignification {unknown}


   Skills:
 - Level 1.0 Fighting
 - Level 2.6 Dodging
 + Level 1.4 Stealth
 * Level 3.5 Unarmed Combat
 - Level 2.0 Spellcasting
 - Level 2.1 Transmutations


You had 4 spell levels left.
You knew the following spells:

 Your Spells              Type           Power      Damage    Failure   Level
a - Beastly Appendage     Tmut           14%        N/A       10%         1

Your spell library contained the following spells:

 Spells                   Type           Power      Damage    Failure   Level
 Wereblood                Tmut           7%         N/A       14%         2
 Spider Form              Tmut/Pois      4%         N/A       41%         3
 Ice Form                 Ice/Tmut       4%         N/A       83%         4


Dungeon Overview and Level Annotations

Branches:
Dungeon (2/15)

Altars:

Annotations:
D:2 Natasha, Sigmund


Innate Abilities, Weirdness & Mutations

You have temporarily grown beastly horns.
You have sharp claws.
You have razor-sharp teeth.
You have supernaturally acute eyesight. (SInv)
You cover ground quickly. (Speed+)
You are covered in fur. (AC +1)
Your paws help you pounce on unaware monsters.
You are incapable of wielding weapons or throwing items.
You cannot wear armour.
You gain extra lives every three experience levels.


Message History

Natasha and a frilled lizard come into view.
Found a scroll labelled BEPPOTZOG.
Found 15 gold pieces.
Natasha hisses angrily.
The frilled lizard hisses angrily.
Found a leather armour.
An endoplasm comes into view.
Found a stone staircase leading down.
Natasha mumbles some strange words.
Natasha's front paws start to glow.
Natasha wildly gestures.
Natasha's front paws start to glow.
The adder bites you.
* * * LOW HITPOINT WARNING * * *
Found a stone staircase leading up.
A kobold comes into view. It is wielding a +0 short sword.
Found 24 stones.
The kobold shouts!
Natasha howls an incantation.
Natasha glows brightly for a moment.
There is a stone staircase leading up here.
The kobold closely misses you.
You climb upwards.
There is a stone staircase leading down here.
The kobold throws a stone.
The stone misses you.
You see here a bat skeleton.
Casting: Beastly Appendage (safe; 10% risk of failure)
Confirm with . or Enter, or press ? or * to list all spells.
You grow a pair of large bovine horns.
The kobold closely misses you.
You scratch the kobold. You bite the kobold.
The kobold is severely wounded.
Your transformation is almost over.
The kobold closely misses you.
You barely miss the kobold.
The kobold is heavily wounded.
The kobold misses you.
You barely miss the kobold.
The kobold is heavily wounded.
The kobold hits you with a +0 short sword.
You die...

♣♣♣♣♣♣ ♣♣ ♣♣♣K@..♣♣♣♣ ♣.♣♣
≈ ♣♣...♣.....♣♣♣♣...♣≈≈
#..♣♣♣♣♣.....♣...≈≈≈♣
##..♣ ♣♣♣♣♣...≈≈≈♣
#####..♣♣ ♣♣≈≈≈≈♣♣
#.....K♣♣♣ ♣♣♣≈≈≈♣♣♣
...#####..♣♣♣♣♣♣≈≈≈..♣♣♣
..............♣♣♣≈♣♣...♣♣♣
.........>..)..♣♣ ♣♣♣...♣♣


You could see a kobold.

Vanquished Creatures
  2 goblins (D:1)
  2 jackals (D:1)
  2 ball pythons (D:1)
  3 bats (D:1)
  2 kobolds (D:1)
  2 rats (D:1)
13 creatures vanquished.

Notes
Turn   | Place    | Note
-------+----------+-------------------------------------------
     0 | D:1      | mcbry74 the Felid Transmuter began the quest for the Orb.
     0 | D:1      | Reached XP level 1. HP: 9/9 MP: 4/4
   135 | D:1      | Reached skill level 1 in Stealth
   373 | D:1      | Reached XP level 2. HP: 12/12 MP: 4/6
   532 | D:1      | You fall into a shaft and drop 1 floor!
   532 | D:2      | Noticed Sigmund
   547 | D:2      | Noticed Natasha
   583 | D:1      | Slain by a kobold

Illustrated notes

Levels and vault maps discovered:
D:1:      kilobyte_arrival_exit_the_forest, layout_loops_ring,
          ebering_ecumenical_altar_rust, palyth_stone_intersect,
          hangedman_decor_lopped
D:2:      layout_rooms, serial_park_tiny_1, grunt_decor_one_mirror,
          uniq_natasha, uniq_sigmund, uniq_terence, uniq_crazy_yiuf_cottage

Skill      XL: |  1 |
---------------+----+-----
Stealth        | 1 |  1.4
Fighting       | |  1.0
Dodging        | |  2.6
Unarmed Combat | |  3.5
Spellcasting   | |  2.0
Transmutations | |  2.1

Action                   || total
-------------------------++-------
Melee: Unarmed           ||    32
       Headbutt          ||     3
       Bite              ||     2
 Cast: Beastly Appendage ||     7
  Use: Scroll            ||     1
Armor: Skin              ||     1
Dodge: Dodged            ||    48
